 Dungeon Crawl Stone Soup version 0.21-a0-364-gbd1fde4 (webtiles) character file.

154 HAL9000 the Cutter (level 5, 0/26 HPs)
             Began as a Vine Stalker Assassin on Oct 14, 2017.
             Slain by Grinder (4 damage)
             ... on level 3 of the Dungeon.
             The game lasted 00:04:51 (2266 turns).

HAL9000 the Cutter (Vine Stalker Assassin)          Turns: 2266, Time: 00:04:52

Health: 0/26       AC:  3    Str: 14      XL:     5   Next: 36%
Magic:  0/6        EV: 17    Int: 10 (11) God:
Gold:   161        SH:  0    Dex: 21      Spells: 4/4 levels left

rFire    . . .     SeeInvis .   a - +2 dagger
rCold    . . .     Gourm    .   (no shield)
rNeg     . . .     Faith    .   c - +0 robe
rPois    .         Spirit   +   (no helmet)
rElec    .         Reflect  .   d - +0 cloak
rCorr    .         Harm     .   (no gloves)
MR       .....                  (no boots)
Stlth    ++++......             t - amulet of rage
HPRegen  0.48/turn              (no ring)
MPRegen  0.10/turn              (no ring)

@: agile
A: fangs 2, regeneration 1, magic shield, antimagic bite, no potion heal 3, rot
immunity
a: Evoke Berserk Rage


You were on level 3 of the Dungeon.
You were not hungry.

You visited 1 branch of the dungeon, and saw 3 of its levels.

You collected 161 gold pieces.

Inventory:

Hand Weapons
 a - a +2 dagger (weapon)
 b - a +0 blowgun
Missiles
 e - 23 poisoned needles
 f - 2 curare-tipped needles
 r - 5 needles of sleeping
Armour
 c - a +0 robe (worn)
 d - a +0 cloak (worn)
Jewellery
 t - an amulet of rage (around neck)
Scrolls
 h - a scroll of immolation {unknown}
 k - 6 scrolls of identify
 o - a scroll of remove curse
Potions
 j - a potion of cancellation
Comestibles
 g - 2 bread rations
 n - a royal jelly
 q - a meat ration


   Skills:
 - Level 1.7 Fighting
 + Level 4.9 Short Blades
 - Level 1.7 Throwing
 - Level 0.7 Dodging
 - Level 4.8 Stealth


You had 4 spell levels left.
You didn't know any spells.

Dungeon Overview and Level Annotations

Branches:
Dungeon (3/15)

Altars:
Nemelex Xobeh

Annotations:
D:3 Grinder


Innate Abilities, Weirdness & Mutations

You have extremely sharp teeth.
Your natural rate of healing is unusually fast.
When hurt, damage is shared between your health and your magic reserves.
Your bite disrupts and absorbs the magic of your enemies.
Potions cannot restore your health.
You are immune to rotting.


Message History

Grinder is severely wounded.
Grinder falters for a moment.
You hit Grinder but do no damage.
Grinder is severely wounded.
The rat closely misses you.
You barely miss Grinder. Your bite misses Grinder.
Grinder is severely wounded.
Grinder barely misses you. The rat closely misses you.
You barely miss Grinder. You bite Grinder.
Grinder's magic leaks into the air.
You drain her magic.
You feel invigorated.
Grinder is severely wounded.
Grinder hits you.
* * * LOW HITPOINT WARNING * * *
The rat misses you.
You hit Grinder. Your bite misses Grinder.
Grinder is almost dead.
Grinder hits you.
* * * LOW HITPOINT WARNING * * *
You writhe in agony.
You die...

....#......#
...........# .....
..>........# .....
...........########)#.#
.......§..###)<.......##
....#)....###..)........
......##................
...†#####)###...r.....#
...........##...@5....#
#########..##.........#
#######)....(......##
#......>#..........#
#.........##.#######
#.......##...#
###.......##.###
.#####.......##
...###...#..(.#


You could see Grinder and a rat.

Vanquished Creatures
  Jessica (D:3)
  Natasha (D:3)
  A worker ant (D:3)
  A gnoll (D:1)
  An adder (D:2)
  A worm (D:3)
  3 dart slugs (D:1)
  A leopard gecko (D:2)
  2 orcs (D:3)
  2 bats
  4 giant cockroaches
  4 goblins
  5 hobgoblins
  4 jackals (D:3)
  5 kobolds
  2 ball pythons
  A frilled lizard (D:2)
  9 rats
48 creatures vanquished.

Notes
Turn   | Place    | Note
-------+----------+-------------------------------------------
     0 | D:1      | HAL9000 the Vine Stalker Assassin began the quest for the Orb.
     0 | D:1      | Reached XP level 1. HP: 11/11 MP: 2/2
    46 | D:1      | Reached XP level 2. HP: 15/15 MP: 3/3
   401 | D:1      | Reached XP level 3. HP: 17/18 MP: 4/4
  1083 | D:2      | Found a sparkling altar of Nemelex Xobeh.
  1377 | D:2      | Gained mutation: Your natural rate of healing is unusually fast. [Vine Stalker growth]
  1377 | D:2      | Reached XP level 4. HP: 23/23 MP: 5/5
  1777 | D:3      | Noticed Natasha
  1787 | D:3      | Killed Natasha
  1822 | D:3      | Noticed Grinder
  1876 | D:3      | Reached XP level 5. HP: 26/26 MP: 6/6
  1907 | D:3      | Noticed Jessica
  1915 | D:3      | Killed Jessica
  2239 | D:3      | Paralysed by Grinder for 7 turns
  2266 | D:3      | Slain by Grinder

Vault maps used:
D:1:      lightli_arrival_windingriver, serial_bayou_lagoon_a,
          serial_bayou_lagoon_b
D:2:      nemelex_xobeh_ov_fountains_minmay, first_bread
D:3:      uniq_jessica, uniq_natasha, uniq_grinder

Skill      XL: |  1  2  3  4 |
---------------+-------------+-----
Short Blades   | 2 3 4 |  4.9
Fighting       | |  1.7
Throwing       | |  1.7
Dodging        | |  0.7
Stealth        | |  4.8

Action                   |  1- 3 |  4- 6 || total
-------------------------+-------+-------++-------
Melee: Dagger            |    66 |    80 ||   146
       Bite              |    17 |    25 ||    42
 Fire: Blowgun           |       |     4 ||     4
  Use: Potion            |     4 |     1 ||     5
       Scroll            |       |     1 ||     1
 Stab: Sleeping          |     9 |     3 ||    12
  Eat: Chunk             |       |     4 ||     4
Armor: Robe              |    11 |    11 ||    22
Dodge: Dodged            |    24 |    43 ||    67

Table legend:
 A = Spawn XP
 B = Non-spawn XP
 C = Spawn XP percentage of total XP
 D = Spawn monster count
 E = Non-spawn monster count
 F = Spawn count percentage of total count
 G = Total turns spent on level
                    A         B        C        D         E        F      G
               +---------+---------+-------+---------+---------+-------+---------
         Total |       0 |     221 |   0.0 |       0 |      48 |   0.0 |  2266
               +---------+---------+-------+---------+---------+-------+---------
           D:1 |       0 |      54 |   0.0 |       0 |      21 |   0.0 |   761
           D:2 |       0 |      30 |   0.0 |       0 |      11 |   0.0 |   960
           D:3 |       0 |     137 |   0.0 |       0 |      16 |   0.0 |   545
               +---------+---------+-------+---------+---------+-------+---------
